 Dungeon Crawl Stone Soup version 0.27-a0-1281-ge233d83751 (webtiles) character file.

Game seed: 1078160890887489839

638 freelancePsychic the Cutter (level 7, 0/53 HPs)
             Began as a Demonspawn Transmuter on June 13, 2021.
             Was an Initiate of Nemelex Xobeh.
             Slain by a gnoll sergeant (12 damage)
             ... on level 4 of the Dungeon.
             The game lasted 00:06:17 (4851 turns).

freelancePsychic the Cutter (Demonspawn Transmuter) Turns: 4851, Time: 00:06:18

Health: 0/53       AC:  6    Str: 13    XL:     7   Next: 25%
Magic:  10/10      EV:  9    Int: 14    God:    Nemelex Xobeh [......]
Gold:   200        SH:  8    Dex: 19    Spells: 9/10 levels left

rFire    . . .     SeeInvis .   j - +1 short sword (drain)
rCold    + . .     Faith    .   b - +0 kite shield
rNeg     . . .     Spirit   .   a - +0 robe
rPois    .         Reflect  .   (helmet restricted)
rElec    .         Harm     .   r - +0 cloak
rCorr    .         Rampage  .   (no gloves)
Will     .....                  (no boots)
Stlth    ++........             (no amulet)
HPRegen  0.17/turn              n - +6 ring of dexterity
MPRegen  0.12/turn              l - ring of protection from cold

@: no status effects
A: horns 1, slimy green scales 2, powered by death 1
a: Renounce Religion, Draw Escape, Draw Destruction, Draw Summoning


You were on level 4 of the Dungeon.
You worshipped Nemelex Xobeh.
Nemelex Xobeh was noncommittal.
You visited 1 branch of the dungeon, and saw 5 of its levels.

You collected 200 gold pieces.

Inventory:

Hand Weapons
 j - a +1 short sword of draining (weapon)
Armour
 a - a +0 robe (worn)
 b - a +0 kite shield (worn)
 c - a +0 plate armour
 m - a +0 chain mail
 r - a +0 cloak (worn)
Magical Staves
 o - a staff of cold
Jewellery
 g - a ring of flight
 l - a ring of protection from cold (right hand)
 n - a +6 ring of dexterity (left hand)
Scrolls
 k - a scroll of enchant armour
 s - a scroll of magic mapping
Potions
 d - a potion of magic {unknown}
 e - a potion of invisibility
 f - 4 potions of flight
 h - a potion of might
 p - 2 potions of heal wounds {@q2}
 q - a potion of attraction {unknown}


   Skills:
 + Level 3.9 Fighting
 * Level 4.5 Short Blades
 - Level 1.7 Dodging
 - Level 1.5 Shields
 - Level 3.3 Unarmed Combat
 - Level 2.0 Spellcasting
 - Level 1.7 Transmutations
 + Level 4.0 Invocations


You had 9 spell levels left.
You knew the following spells:

 Your Spells              Type           Power      Damage    Failure   Level
a - Beastly Appendage     Tmut           12%        N/A       54%         1

Your spell library contained the following spells:

 Spells                   Type           Power      Damage    Failure   Level
 Wereblood                Tmut           6%         N/A       69%         2
 Corona                   Hex            1%         N/A       80%         1
 Magic Dart               Conj           4%         1d3       80%         1
 Blink                    Tloc           N/A        N/A       90%         2
 Call Imp                 Summ           1%         N/A       90%         2
 Ensorcelled Hibernation  Hex/Ice        2%         N/A       90%         2
 Slow                     Hex            1%         N/A       90%         2
 Spider Form              Tmut/Pois      1%         N/A       96%         3
 Confusing Touch          Hex            1%         N/A       99%         3
 Conjure Flame            Conj/Fire      1%         6-21      99%         3
 Dazzling Flash           Conj/Hex       2%         N/A       99%         3
 Mephitic Cloud           Conj/Pois/Air  1%         N/A       99%         3
 Tukima's Dance           Hex            1%         N/A       99%         3
 Ice Form                 Ice/Tmut       3%         N/A       100%        4


Dungeon Overview and Level Annotations

Branches:
Dungeon (5/15)
 Temple: D:4-7

Altars:
Elyvilon
Fedhas
Nemelex Xobeh


Innate Abilities, Weirdness & Mutations

You have a pair of small horns on your head.
You are mostly covered in slimy green scales. (AC +3)
You regenerate a little health from kills.


Message History

The gnoll shouts!
You hear a bark!
The gnoll hits you but does no damage.
A gnoll comes into view. It is wielding a +0 halberd.
The gnoll sergeant hits you with a +0 spear!
There is a stone staircase leading up, spattered with blood here.
The gnoll hits you but does no damage.
The gnoll sergeant hits you with a +0 spear.
You climb upwards.
Your magical contamination has completely faded away.
There is a stone staircase leading down here.
You closely miss the gnoll. The gnoll hits you with a +0 club.
The gnoll sergeant hits you with a +0 spear.
You hit the gnoll. You drain the gnoll.
The gnoll is moderately wounded.
The gnoll hits you but does no damage.
The gnoll sergeant hits you with a +0 spear.
You barely miss the gnoll.
The gnoll is moderately wounded.
The gnoll hits you with a +0 club. The gnoll sergeant closely misses you.
You hit the gnoll. You drain the gnoll. Your headbutt misses the gnoll.
The gnoll is severely wounded.
The gnoll hits you with a +0 club.
The gnoll sergeant hits you with a +0 spear.
You hit the gnoll sergeant.
The gnoll sergeant is lightly wounded.
The gnoll hits you with a +0 club. You block the gnoll sergeant's attack.
You completely miss the gnoll sergeant.
The gnoll sergeant is lightly wounded.
The gnoll barely misses you.
The gnoll sergeant hits you with a +0 spear.
* * * LOW HITPOINT WARNING * * *
The gnoll hits you but does no damage.
You closely miss the gnoll sergeant.
The gnoll sergeant is lightly wounded.
The gnoll sergeant hits you with a +0 spear.
* * * LOW HITPOINT WARNING * * *
You block the gnoll's attack.
The gnoll sergeant hits you with a +0 spear!
You die...
Your body disappears without a glow.

#.......# #.##.#
#.......# #..#.#
........# ##.#.#
##############'#.#
#.......#
#.......#
#.......#
#######g# #.).g@#
#######.#####
#...(...#
#.......#
#.......#######
#.............#
#.......).....#
###
#.............#
..#
#.............#


You could see a gnoll sergeant and a gnoll (drained).

Vanquished Creatures
  A sky beast (D:4)
  An ogre (D:4)
  A scorpion (D:3)
  4 killer bees (D:4)
  2 hounds (D:4)
  A hound skeleton (D:4)
  7 adders
  An ufetubus (D:4)
  A worm (D:2)
  2 dart slugs
  An orc (D:4)
  3 bats
  7 endoplasms
  5 giant cockroaches
  5 goblins
  7 hobgoblins
  10 jackals
  2 quokkas
  3 ball pythons
  A frilled lizard (D:3)
  10 kobolds
  4 rats
79 creatures vanquished.

Notes
Turn   | Place    | Note
-------+----------+-------------------------------------------
     0 | D:1      | freelancePsychic the Demonspawn Transmuter began the quest
                  | for the Orb.
     0 | D:1      | Reached XP level 1. HP: 15/15 MP: 3/3
   406 | D:1      | Found a faded altar of an unknown god.
   572 | D:1      | Gained mutation: You are partially covered in slimy green
                  | scales. (AC +2) [demonic ancestry]
   572 | D:1      | Reached XP level 2. HP: 16/21 MP: 5/5
  1542 | D:2      | Reached skill level 1 in Shields
  1780 | D:2      | Reached XP level 3. HP: 22/26 MP: 6/6
  2237 | D:2      | Reached skill level 1 in Short Blades
  2722 | D:3      | Found a sparkling altar of Nemelex Xobeh.
  2733 | D:3      | Became a worshipper of Nemelex Xobeh the Trickster
  2775 | D:3      | Gained mutation: You are mostly covered in slimy green
                  | scales. (AC +3) [demonic ancestry]
  2775 | D:3      | Reached XP level 4. HP: 19/33 MP: 7/7
  2996 | D:3      | Found a blossoming altar of Fedhas.
  3362 | D:4      | Noticed a scorpion
  3379 | D:3      | Killed a scorpion
  3380 | D:3      | Reached skill level 1 in Invocations
  3380 | D:3      | Gained mutation: You regenerate a little health from kills.
                  | [demonic ancestry]
  3380 | D:3      | Reached XP level 5. HP: 12/39 MP: 8/8
  3802 | D:4      | Noticed an ogre
  3821 | D:4      | Killed an ogre
  3919 | D:4      | Gained mutation: You have a pair of small horns on your
                  | head. [demonic ancestry]
  3919 | D:4      | Reached XP level 6. HP: 47/47 MP: 9/9
  4521 | D:4      | Reached XP level 7. HP: 40/53 MP: 10/10
  4832 | D:5      | Entered Level 5 of the Dungeon
  4851 | D:4      | Slain by a gnoll sergeant

Illustrated notes

Levels and vault maps discovered:
D:1:      lightli_molten_gateway, layout_basic, ebering_ecumenical_altar_ruins
D:2:      minmay_general_purpose_star, layout_basic
D:3:      layout_loops_ring, chequers_temple_overflow_statue_of_worship,
          fedhas_ov_isle_minmay
D:4:      minmay_angry_zag, layout_basic
D:5:      layout_loops_cross, minmay_temple_entry_grid, uniq_eustachio,
          uniq_crazy_yiuf_cottage

Skill      XL: |  1  2  3  4  5  6  7 |
---------------+----------------------+-----
Unarmed Combat | 3 |  3.3
Shields        | 1 |  1.5
Short Blades   | 1 2 3 4 |  4.5
Fighting       | 2 3 |  3.9
Invocations    | 1 2 3 4 |  4.0
Dodging        | |  1.7
Spellcasting   | |  2.0
Transmutations | |  1.7

Action                   |  1- 3 |  4- 6 |  7- 9 || total
-------------------------+-------+-------+-------++-------
Melee: Unarmed           |    86 |       |       ||    86
       Short sword       |    69 |   145 |    29 ||   243
       Headbutt          |       |    15 |     3 ||    18
       Kick              |       |     1 |       ||     1
 Cast: Beastly Appendage |       |     1 |       ||     1
  Use: Scroll            |     2 |     5 |     2 ||     9
       Potion            |       |     1 |       ||     1
 Stab: Sleeping          |     4 |       |     1 ||     5
Armor: Robe              |    42 |    55 |    12 ||   109
       Skin              |       |     6 |       ||     6
Dodge: Dodged            |    70 |    70 |    10 ||   150
Block: Kite shield       |    51 |    71 |     8 ||   130

Table legend: (Time is in decaauts)
 A = Elapsed time spent in this place.
 B = Non-inter-level travel time spent in this place.
 C = Inter-level travel time spent in this place.
 D = Time resting spent in this place.
 E = Time spent auto-exploring this place.
 F = Levels seen in this place.
 G = Mean time per level.
                   A        B        C        D        E       F      G
               +--------+--------+--------+--------+--------+-----+--------+
         Total |   4932 |   4852 |     80 |    437 |   3685 |   5 |  986.4 |
       Dungeon |   4932 |   4852 |     80 |    437 |   3685 |   5 |  986.4 |
               +--------+--------+--------+--------+--------+-----+--------+

Top non-repeatable levels by time:
     D:1: 1461 daAuts
     D:3: 1305 daAuts
     D:4: 1176 daAuts
     D:2: 977 daAuts
     D:5: 11 daAuts
